 Dungeon Crawl Stone Soup version 0.30-a0-1074-g5db6f66fbb (webtiles) character file.

Game seed: 9840003332620664634

532 Newt the Skirmisher (level 7, -5/44 HPs)
             Began as a Kobold Hunter on Apr 14, 2023.
             Killed by divine providence
             ... invoked by an orc priest
              (11 damage)
             ... on level 4 of the Dungeon.
             The game lasted 00:03:19 (3663 turns).

Newt the Skirmisher (Kobold Hunter)                 Turns: 3663, Time: 00:03:20

Health: -5/44      AC:  5    Str:  9    XL:     7   Next: 49%
Magic:  16/16      EV: 14    Int: 10    God:
Gold:   252        SH:  5    Dex: 20    Spells: 6/6 levels left

rFire   . . .      SeeInvis .    a - +0 shortbow
rCold   . . .      Faith    .    (shield currently unavailable)
rNeg    . . .      Spirit   .    c - +0 leather armour
rPois   .          Reflect  +    s - +0 helmet
rElec   .          Rampage  .    f - +0 cloak
rCorr   .                        (no gloves)
Will    .....                    (no boots)
Stlth   +++                      n - amulet of reflection
HPRegen 0.27/turn                h - ring of magical power
MPRegen 0.15/turn                (no ring)

@: no status effects
A: small, no large weapons, nightstalker 3
a: no special abilities


You were on level 4 of the Dungeon.
You visited 1 branch of the dungeon, and saw 4 of its levels.

You collected 252 gold pieces.

Inventory:

Hand Weapons
 a - a +0 shortbow (weapon)
Armour
 c - a +0 leather armour (worn)
 f - a +0 cloak (worn)
 s - a +0 helmet (worn)
Jewellery
 h - a ring of magical power (left hand)
 n - an amulet of reflection (around neck)
 p - an amulet of the acrobat
 u - a ring of fire
Wands
 o - a wand of iceblast (1)
 r - a wand of flame (21)
Scrolls
 b - a scroll of immolation
 d - a scroll of teleportation
 g - 2 scrolls of blinking
 t - 2 scrolls of identify
Potions
 e - a potion of brilliance
 i - 2 potions of mutation {unknown}
 j - a potion of attraction
 k - a potion of lignification
 l - 2 potions of degeneration {unknown}
 m - 3 potions of curing {unknown}
 q - 2 potions of cancellation {unknown}


   Skills:
 - Level 5.0 Fighting
 + Level 9.7 Ranged Weapons
 - Level 2.4 Dodging
 - Level 1.3 Stealth


You had 6 spell levels left.
You didn't know any spells.
Your spell library contained the following spells:

 Spells                   Type           Power      Damage    Failure   Level
 Sandblast                Erth           0%         2d4       47%         1
 Passwall                 Tmut/Erth      0%         N/A       63%         2
 Stone Arrow              Conj/Erth      0%         3d7       85%         3


Dungeon Overview and Level Annotations

Branches:
Dungeon (4/15)
 Temple: D:4-7

Altars:

Annotations:
D:4 Grinder


Innate Abilities, Weirdness & Mutations

You are small and have problems with some larger weapons.
You are completely attuned to the shadows.


Message History

An orc priest comes into view. It is wielding a +0 dagger of speed.
You shoot an arrow. The arrow hits the orc priest.
The orc priest is heavily wounded.
An orc comes into view. It is wielding a +0 trident.
The orc priest calls down the wrath of Beogh upon you.
Pain shoots through your body!
Grinder blinks!
You shoot an arrow. The arrow barely misses the orc priest.
The arrow hits the orc wizard.
The orc wizard is lightly wounded.
An orc wizard comes into view. It is wielding a +0 dagger.
The orc priest mumbles some strange prayers to Beogh against you.
Pain shoots through your body!
* * * LOW HITPOINT WARNING * * *
As you read the scroll of teleportation, it crumbles to dust.
You feel strangely unstable. The orc priest closely misses you.
Unknown command.
Unknown command.
Found a stone staircase leading down.
Grinder says, "Tell me all your secrets, or I'll kill you."
Unknown command.
Your surroundings suddenly seem different.
Found 14 gold pieces.
The orc priest mumbles some strange prayers to Beogh against you.
Pain shoots through your body!
* * * LOW HITPOINT WARNING * * *
Grinder blinks!
Aiming: Iceblast
Press: ? - help, Shift-Dir - straight line, f/p - orc priest
Aim: an orc priest, wielding a +0 flail and wearing a +0 ring mail (heavily wounded)
The mass of ice explodes!
The iceblast engulfs the orc!
You kill the orc!
The iceblast engulfs the orc priest.
The orc priest is moderately wounded.
The iceblast engulfs the orc priest!
You kill the orc priest!
The iceblast engulfs the orc wizard!
The orc wizard is severely wounded.
The orc priest mumbles some strange prayers to Beogh against you.
Beogh smites you!
You die...

#.##... #....#
# ###.># [.
#....#
#.....?#o#..#
#.....o))...#
#...o.ยง###..#
#......# #..#
#...@..# #..#
#......# #..#
#...$.5# #..#
######## #..#
#..# #..# #..#
#..# #..#


You could see Grinder, an orc priest and 2 orc wizards.

Vanquished Creatures
  A black bear (D:4)
  Blork the orc (D:4)
  A scorpion (D:4)
  An orc priest (D:4)
  Crazy Yiuf (D:3)
  2 sleepcaps (D:4)
  2 iguanas (D:4)
  Ijyb (D:3)
  2 orc wizards (D:4)
  Robin (D:4)
  2 adders
  6 worms
  A dart slug (D:1)
  7 orcs
  7 bats
  8 endoplasms
  3 giant cockroaches
  13 goblins
  5 hobgoblins
  2 jackals (D:2)
  3 quokkas (D:1)
  3 ball pythons (D:2)
  3 frilled lizards (D:1)
  6 kobolds
  2 rats
84 creatures vanquished.

Notes
Turn   | Place    | Note
-------+----------+-------------------------------------------
     0 | D:1      | Newt the Kobold Hunter began the quest for the Orb.
     0 | D:1      | Reached XP level 1. HP: 12/12 MP: 1/1
   104 | D:1      | Reached XP level 2. HP: 10/18 MP: 2/2
   381 | D:1      | Reached XP level 3. HP: 23/23 MP: 3/3
   950 | D:2      | Reached XP level 4. HP: 30/30 MP: 4/4
  1375 | D:3      | Noticed Ijyb
  1384 | D:3      | Killed Ijyb
  1510 | D:3      | Reached skill level 5 in Fighting
  1708 | D:3      | Reached XP level 5. HP: 28/35 MP: 5/5
  1915 | D:3      | Found a runed translucent door.
  1918 | D:3      | Noticed Crazy Yiuf
  2269 | D:3      | Killed Crazy Yiuf
  2270 | D:3      | Reached skill level 6 in Ranged Weapons
  2611 | D:4      | Noticed Blork the orc
  2612 | D:4      | Noticed Robin
  2626 | D:4      | Killed Blork the orc
  2627 | D:4      | Reached skill level 7 in Ranged Weapons
  2627 | D:4      | Reached XP level 6. HP: 32/40 MP: 6/6
  2635 | D:4      | Killed Robin
  2801 | D:4      | Noticed a black bear
  2810 | D:4      | Killed a black bear
  2811 | D:4      | Reached skill level 8 in Ranged Weapons
  2849 | D:4      | Reached XP level 7. HP: 21/44 MP: 7/7
  3059 | D:4      | Reached skill level 9 in Ranged Weapons
  3655 | D:4      | Noticed Grinder
  3663 | D:4      | Killed from afar by an orc priest

Illustrated notes

Levels and vault maps discovered:
D:1:      wander_arrival_abandoned_jail, layout_rooms, st_stairs_10
D:2:      cheibrodos_old_hovel, layout_basic
D:3:      layout_loops_ring, uniq_ijyb, uniq_crazy_yiuf_cottage
D:4:      layout_basic, gammafunk_temple_overflow_claw, uniq_sigmund,
          uniq_robin, uniq_blork_the_orc, uniq_grinder

Skill      XL: |  1  2  3  4  5  6  7 |
---------------+----------------------+-----
Fighting       | 3 4 5 |  5.0
Ranged Weapons | 7 8 9 |  9.7
Dodging        | |  2.4
Stealth        | |  1.3

Action                     |  1- 3 |  4- 6 |  7- 9 || total
---------------------------+-------+-------+-------++-------
   Fire: Shortbow          |    63 |   125 |    49 ||   237
  Evoke: Wand              |       |       |     1 ||     1
    Use: Scroll            |     6 |     1 |     1 ||     8
         Potion            |       |     3 |       ||     3
 Armour: Leather armour    |     1 |    18 |     2 ||    21
         Skin              |       |     2 |       ||     2
  Dodge: Dodged            |     8 |    39 |    14 ||    61
  Block: Other             |       |    17 |     3 ||    20

Table legend: (Time is in decaauts)
 A = Elapsed time spent in this place.
 B = Non-inter-level travel time spent in this place.
 C = Inter-level travel time spent in this place.
 D = Time resting spent in this place.
 E = Time spent auto-exploring this place.
 F = Levels seen in this place.
 G = Mean time per level.
                   A        B        C        D        E       F      G
               +--------+--------+--------+--------+--------+-----+--------+
         Total |   3694 |   3585 |    109 |   1075 |   2072 |   4 |  923.5 |
       Dungeon |   3694 |   3585 |    109 |   1075 |   2072 |   4 |  923.5 |
               +--------+--------+--------+--------+--------+-----+--------+

Top non-repeatable levels by time:
     D:4: 1328 daAuts
     D:3: 970 daAuts
     D:1: 797 daAuts
     D:2: 598 daAuts
